Unix NetHack Version 5.0.0-0 post-release - last build May 23 2026 06:08:33 (1c0ff79ee797540d5714e4e18072db0edd9e58ae,branch:main).

Game began 2026-05-26 08:44:39, ended 2026-05-26 08:52:26.

ArrBianca, neutral female gnomish Healer

               ----             ---         --
      ----  ----..--             ..         .|
     .....---.|....|-----        ..--     -..------
       -..........-|..|.--        ..--    ........
        -.........--.....--       ...--   ......|
         -.........)......|        ...---.......|
         |..G....--.......|    ----...........-
         |......=.........------.--......*...-
         |...G.....[.......--.|.........-...*|
         |......|..............*.............--
         --..|.---.---........................|
          ------ --- |........>....h.:.......-|
                   ---....<........d.@........|
                   |......-.*.......*........--
                   -.---..........---.........|
                       |....|.%...| |......".....|
                       ---..|.....| |............|
                         --..|...-- --........----
                          |..|-..|    --.G....|
                          --------      -.-----
                                         --
ArrBianca the Rhizotomist    St:10 Dx:7 Co:16 In:8 Wi:18 Ch:16  Neutral
Dlvl:4  $:1975 HP:0(21) Pw:17(17) AC:6  Xp:2 T:909  Hungry   Burdened

Latest messages:
 You see here 2 green gems.
 You swap places with the peaceful gnome.
 You see here a tinning kit.
 You have a little trouble lifting a tinning kit.  Continue? [ynq] (q) y
 You have a little trouble lifting A - a tinning kit.
 Your movements are slowed slightly because of your load.
 What do you want to drop? [$a-lo-wyzA or ?*] w
 You drop a copper ring.
 The hobgoblin picks up a dagger.
 You hear some noises.
 Your little dog eats a hobgoblin corpse.
 You stop.  Your little dog is in the way!
 You swap places with your little dog.
 You have a little trouble lifting B - an iron skull cap.
 What do you want to drop? [$a-lo-vyzAB or ?*] B
 You drop an iron skull cap.
 The little dog picks up a rock.
 You are beginning to feel hungry.
 You see here a rock.
 You miss the iguana.
 The iguana bites!
 You miss the iguana.
 The iguana bites!
 The little dog misses the dwarf.
 The little dog misses the dwarf.
 You miss the iguana.
 The iguana bites!
 The little dog misses the dwarf.
 The little dog misses the dwarf.
 You miss the iguana.
 The little dog bites the dwarf.
 The little dog misses the dwarf.
 You miss the iguana.
 The iguana bites!
 The little dog misses the dwarf.
 The little dog bites the dwarf.
 You hit the iguana.
 The iguana bites!
 The little dog misses the dwarf.
 You miss the iguana.
 You miss the iguana.
 The iguana bites!
 The little dog drops a rock.
 You miss the iguana.
 The iguana bites!
 You miss the iguana.
 The iguana bites!
 You die...
 Do you want your possessions identified? [ynq] (y) y
 Do you want to see your attributes? [ynq] (y) q

Inventory:
 Coins    ('$')
  $ - 1975 gold pieces
 Weapons  (')')
  a - a +0 scalpel (weapon in right hand)
 Armor    ('[')
  b - an uncursed +1 pair of leather gloves (being worn)
  y - an uncursed +0 pair of iron shoes (being worn)
  z - an uncursed +0 dwarvish cloak (being worn)
 Comestibles  ('%')
  j - 5 uncursed apples
  v - 2 uncursed cram rations
  u - an uncursed food ration
 Scrolls  ('?')
  o - a cursed scroll of confuse monster
  k - an uncursed scroll of enchant armor
  t - an uncursed scroll of gold detection
 Spellbooks  ('+')
  l - an uncursed spellbook of cure blindness
  h - a blessed spellbook of extra healing
  p - an uncursed spellbook of force bolt
  g - a blessed spellbook of healing
  i - a blessed spellbook of stone to flesh
 Potions  ('!')
  e - 4 uncursed potions of extra healing
  q - an uncursed potion of fruit juice
  d - 4 uncursed potions of healing
  s - an uncursed potion of sickness
 Rings    ('=')
  r - an uncursed ring of see invisible (on left hand)
 Wands    ('/')
  f - a wand of sleep (0:6)
 Tools    ('(')
  c - an uncursed stethoscope
  A - a tinning kit (0:48)

ArrBianca the Healer's attributes:

Background:
 You were a Rhizotomist, a level 2 female gnomish Healer.
 You were neutral, on a mission for Hermes
 who was opposed by Athena (lawful) and Poseidon (chaotic).
 You were right-handed.
 You were in the Gnomish Mines, on level 4.
 You entered the dungeon 909 turns ago.
 You had 30 experience points, 10 more were needed to attain level 3.

Basics:
 You had 0 out of 21 hit points.
 You had all 17 energy points (spell power).
 Your armor class was 6.
 Your wallet contained 1975 zorkmids.
 Autopickup was on for '$?!/="+%' plus thrown, with exceptions.

Final Characteristics:
 Your strength was 10 (limit:18/50).
 Your dexterity was 7 (limit:18).
 Your constitution was 16 (limit:18).
 Your intelligence was 8 (limit:19).
 Your wisdom was 18 (limit:18).
 Your charisma was 16 (limit:18).

Final Status:
 You were hungry.
 You were burdened; movement was slightly slowed.
 You were wielding a knife.
 You had basic skill with knife.

Final Attributes:
 You were fervently aligned.
 Your items were somewhat protected from fire.
 Your items were somewhat protected from cold.
 You were poison resistant.
 You saw invisible.
 You had infravision.
 You were warded.
 You were unlucky.
 You are dead.

Miscellaneous:
 You didn't encounter any bones levels.
 Total elapsed playing time was 7 minutes and 47 seconds.

Major events:
 Turn
    1: ArrBianca the neutral female gnomish Healer entered the dungeon
  686: entered the Gnomish Mines
  909: killed by an iguana

Spells:
 Name                 Level Category     Fail Retention
 healing                1   healing        0%  91%-100%
 extra healing          3   healing       47%  91%-100%
 stone to flesh         3   healing       59%  91%-100%
 cure blindness         2   healing        0%  91%-100%
 force bolt             1   attack         0%  76%-100%

Skills:
 Fighting Skills
   bare handed combat [Unskilled]
 Weapon Skills
   dagger             [Unskilled]
   knife              [Basic]
   short sword        [Unskilled]
   saber              [Unskilled]
   club               [Unskilled]
   mace               [Unskilled]
   quarterstaff       [Unskilled]
   polearms           [Unskilled]
   spear              [Unskilled]
   trident            [Unskilled]
   sling              [Unskilled]
   dart               [Unskilled]
   shuriken           [Unskilled]
   unicorn horn       [Unskilled]
 Spellcasting Skills
   healing spells     [Basic]

Voluntary challenges:
 Character rerolling was not enabled.
 You followed a strict vegan diet.
 You were an atheist.
 You never genocided any monsters.
 You never polymorphed an object.
 You never changed form.
 You used no wishes.
Achievements:
 You entered a shop.
 You entered the Gnomish Mines.

 The Dungeons of Doom: levels 1 to 3
    Level 1:
    Level 2:
       A ring shop.
    Level 3:
       A fountain.
       Stairs down to The Gnomish Mines.
 The Gnomish Mines:
    Level 4: <- You were here.
       Final resting place for
          you, killed by an iguana.


Vanquished creatures:
  a dwarf
  a hobgoblin
  2 brown molds
  a jackal
  a kobold
  4 lichens
  a kobold zombie
  3 newts
14 creatures vanquished.

No species were genocided or became extinct.

Game over:
                       ----------
                      /          \
                     /    REST    \
                    /      IN      \
                   /     PEACE      \
                  /                  \
                  |    ArrBianca     |
                  |     1975 Au      |
                  |   killed by an   |
                  |      iguana      |
                  |                  |
                  |                  |
                  |       2026       |
                 *|     *  *  *      | *
        _________)/\\_//(\/(/\)/\//\/|_)_______

Goodbye ArrBianca the Healer...

You died in The Gnomish Mines on dungeon level 4 with 303 points,
and 1975 pieces of gold, after 909 moves.
You were level 2 with a maximum of 21 hit points when you died.

